 Seeded DCSS version 0.29.1-15-g9cfb28693d (webtiles) character file.

Game seed: 6320845443627075161 (custom seed)

84609 Psyclone the Thaumaturge (level 15, -12/92 HPs)
             Began as a Deep Elf Fire Elementalist on Sept 23, 2023.
             Was a Follower of Ashenzari.
             Mangled by Rupert
             ... wielding a +0 vampiric battleaxe
              (24 damage)
             ... on level 13 of the Dungeon.
             The game lasted 01:42:24 (28654 turns).

Psyclone the Thaumaturge (DEFE)                    Turns: 28654, Time: 01:42:24

Health: -12/92     AC: 18    Str:  5    XL:     15   Next: 35%
Magic:  25/45      EV: 17    Int: 28    God:    Ashenzari [*.....]
Gold:   979        SH:  0    Dex: 15    Spells: 4/44 levels left

rFire   + + .      SeeInvis .   a - +3 Elemental Staff {rElec rF++ rC++ AC+5, Self, Elem} (curse)
rCold   + + .      Faith    .   (no shield)
rNeg    . . .      Spirit   .   P - +2 robe {Will+}
rPois   +          Reflect  .   m - +1 hat {Stlth+}
rElec   +          Harm     .   E - +1 cloak of the Fated Adversity {rPois, Bglg, Alch} (curse)
rCorr   .          Rampage  .   F - +0 pair of gloves
Will    ++...                   e - +0 pair of boots
Stlth   +++.......              U - amulet of magic regeneration
HPRegen 0.25/turn               n - ring of magical power
MPRegen 0.69/turn               S - +4 ring of protection

@: studying Ranged Weapons
A: no striking features
a: Renounce Religion, Shatter the Chains


You were on level 13 of the Dungeon.
You worshipped Ashenzari.
Ashenzari was aware of your devotion.
You visited 4 branches of the dungeon, and saw 22 of its levels.
You also visited: Bailey, Gauntlet and Ice Cave.

You collected 2583 gold pieces.
You spent 1604 gold pieces at shops.

Inventory:

Hand Weapons
 a - the cursed +3 Elemental Staff (weapon) {rElec rF++ rC++ AC+5, Self, Elem}
   (You acquired it on level 2 of the Dungeon)

   If the wielder is skilled in Evocations, they can discharge powerful blasts
   of elemental energy when striking with it.
   It enhances your fire, ice, earth and air magic.
   AC:        It affects your AC (+5).
   rF:        It greatly protects you from fire.
   rC:        It greatly protects you from cold.
   rElec:     It insulates you from electricity.
   It has a curse which improves the following skills: Introspection: Fighting
   and Spellcasting.
   Elements:  Fire Magic, Ice Magic, Air Magic and Earth Magic.
Armour
 e - a +0 pair of boots (worn)
 m - a +1 hat of stealth (worn)
 E - the cursed +1 cloak of the Fated Adversity (worn) {rPois, Bglg, Alch}
   (You took it off Crazy Yiuf on level 3 of the Dungeon)

   It has a curse which improves the following skills: Beguiling: Conjurations,
   Hexes and Translocations.
   Alchemy:   Poison Magic and Transmutations.
 F - a +0 pair of gloves (worn)
 P - a +2 robe of willpower (worn)
 X - a +1 buckler of cold resistance
Magical Staves
 h - a staff of air
 v - a staff of poison
 Y - a staff of fire
Jewellery
 n - a ring of magical power (left hand)
 J - a ring of resist corrosion
 R - a ring of positive energy
 S - a +4 ring of protection (right hand)
 T - the ring "Xushemisch" {rElec rF+}
   (You found it in a Gauntlet)

   [ring of protection from fire]

   rF:        It protects you from fire.
   rElec:     It insulates you from electricity.
 U - an amulet of magic regeneration (around neck)
 W - a ring of fire
Wands
 p - a wand of flame (69)
 s - a wand of mindburst (17)
 u - a wand of roots (8)
 B - a wand of digging (12)
 I - a wand of light (2)
 V - a wand of charming (14)
Scrolls
 g - 10 scrolls of teleportation
 j - 5 scrolls of magic mapping
 l - 4 scrolls of vulnerability
 o - 12 scrolls of identify {@r1}
 r - 5 scrolls of blinking
 t - 7 scrolls of amnesia
 w - 2 scrolls of noise
 y - 5 scrolls of enchant weapon
 z - a scroll of brand weapon
 A - 4 scrolls of poison
 C - 2 scrolls of silence {!r}
 D - 3 scrolls of fear
 G - 2 scrolls of enchant armour
 K - a scroll of acquirement
 L - 2 scrolls of summoning
 N - 5 scrolls of butterflies
Potions
 b - 4 potions of magic
 c - 6 potions of haste
 d - 4 potions of flight
 f - 17 potions of curing
 i - 5 potions of brilliance
 k - 3 potions of resistance
 q - 6 potions of might
 x - 3 potions of lignification
 H - 4 potions of attraction
 M - 2 potions of invisibility
 O - a potion of ambrosia
Miscellaneous
 Q - a box of beasts
 Z - a lightning rod (4/4)


   Skills:
 - Level 9.5(10.3) Fighting
 - Level 10.0 Dodging
 - Level 2.4 Stealth
 - Level 14.6(15.4) Spellcasting
 - Level 10.0(10.8) Conjurations
 + Level 3.4(4.2) Translocations
 - Level 10.0(10.8) Transmutations
 - Level 9.5(10.4) Fire Magic
 - Level 9.5(10.4) Ice Magic
 - Level 9.5(10.4) Air Magic
 - Level 10.0(10.8) Poison Magic


You had 4 spell levels left.
You knew the following spells:

 Your Spells              Type           Power      Damage    Failure   Level
a - Poisonous Vapours     Pois/Air       100%       N/A       1%          2
b - Frozen Ramparts       Ice            100%       1d16      1%          3
c - Conjure Flame         Conj/Fire      88%        6-21      1%          3
d - Fulminant Prism       Conj/Hex       25%        3d14      2%          4
e - Mephitic Cloud        Conj/Pois/Air  89%        N/A       1%          3
f - Freezing Cloud        Conj/Ice/Air   55%        6-21      1%          5
g - Scorch                Fire           100%       2d10      1%          2
h - Flame Wave            Conj/Fire      88%        2d19      1%          4
i - Airstrike             Air            44%        2d(7-23)  1%          4
q - Blink                 Tloc           90%        N/A       1%          2
s - Ignite Poison         Fire/Tmut/Pois 89%        N/A       1%          3
v - Foxfire               Conj/Fire      100%       2x1d9     1%          1
x - Olgreb's Toxic Radia  Pois           70%        N/A       1%          4

Your spell library contained the following spells:

 Spells                   Type           Power      Damage    Failure   Level
 Freeze                   Ice            100%       1d11      1%          1
 Magic Dart               Conj           100%       1d8       1%          1
 Sting                    Tmut/Pois      100%       1d8       1%          1
 Searing Ray              Conj           100%       2d8       1%          2
 Wereblood                Tmut           70%        N/A       1%          2
 Inner Flame              Hex/Fire       66%        N/A       1%          3
 Hailstorm                Conj/Ice       88%        3d18      1%          4
 Sandblast                Erth           66%        2d15      2%          1
 Slow                     Hex            84%        N/A       2%          1
 Summon Lightning Spire   Summ/Air       66%        N/A       2%          4
 Sublimation of Blood     Necr           21%        N/A       3%          2
 Portal Projectile        Hex/Tloc       66%        N/A       3%          3
 Call Canine Familiar     Summ           21%        N/A       7%          3
 Confusing Touch          Hex            21%        N/A       7%          3
 Summon Guardian Golem    Hex/Summ       21%        N/A       7%          3
 Vampiric Draining        Necr           21%        2d7       7%          3
 Leda's Liquefaction      Hex/Erth       16%        N/A       22%         4
 Lightning Bolt           Conj/Air       44%        1d63      1%          5
 Manifold Assault         Tloc           45%        N/A       12%         5
 Orb of Destruction       Conj           35%        9d10      22%         7
 Storm Form               Tmut/Air       44%        N/A       26%         7
 Statue Form              Tmut/Erth      44%        N/A       36%         6
 Spellforged Servitor     Conj/Summ      25%        N/A       91%         7
 Maxwell's Capacitive Co  Air            44%        ∞         91%         8
 Summon Hydra             Summ           10%        N/A       100%        7
 Chain Lightning          Conj/Air       44%        3d58      100%        9
 Fire Storm               Conj/Fire      44%        8d11      100%        9
 Shatter                  Erth           16%        3d16*     100%        9


Dungeon Overview and Level Annotations

Branches:
Dungeon (14/15) Zot: 26605  Temple (1/1) D:7 Zot: 5680    Lair (5/5) D:10 Zot: 21265
 Shoals (0/4) Lair:3        Snake (0/4) Lair:3        Slime (0/5) Lair:4
    Orc (2/2) D:11 Zot: 10029     Elf (0/3) Orc:2        Bailey (visited)
  IceCv (visited)         Gauntlet (visited)
 Vaults: D:13-14

Altars:
Ashenzari
Cheibriados
Dithmenos
Elyvilon
Fedhas
Gozag
Hepliaklqana
Kikubaaqudgha
Makhleb
Nemelex Xobeh
Okawaru
Qazlal
Ru
Sif Muna
Trog
Uskayaw
Vehumet
Wu Jian
Xom
Yredelemnul
Zin
The Shining One
Jiyva

Shops:
D:2 :   D:7 !   D:9 [   Orc:2 *::((

Annotations:
D:4 exclusion: downstairs
D:6 exclusion: downstairs
D:8 6 transporters
D:13 Rupert


Message History

Casting: Scorch (safe; 1% risk of failure)
Confirm with . or Enter, or press ? or * to list all spells.
You feel a surge of power!
Flames lash Rupert.
Rupert is burned terribly!
Rupert is heavily wounded.
Rupert is engulfed in freezing vapours.
Rupert hits you with a +0 vampiric battleaxe!
Rupert is engulfed in freezing vapours.
Rupert closely misses you.
You take 11 damage, and have 63/92 hp.
You now have 30/45 mp.
Casting: Scorch (safe; 1% risk of failure)
Confirm with . or Enter, or press ? or * to list all spells.
You feel a surge of power!
Flames lash Rupert.
Rupert is burned terribly!
Rupert is severely wounded.
Rupert is engulfed in freezing vapours.
Rupert hits you with a +0 vampiric battleaxe!!
Rupert draws strength from your wounds!
You take 28 damage, and have 35/92 hp.
MASSIVE DAMAGE!!
You now have 29/45 mp.
Casting: Scorch (safe; 1% risk of failure)
Confirm with . or Enter, or press ? or * to list all spells.
You feel a surge of power!
Flames lash Rupert.
Rupert is burned terribly!
Rupert is severely wounded.
Rupert is engulfed in freezing vapours.
Rupert barely misses you.
Rupert is engulfed in freezing vapours.
Rupert hits you with a +0 vampiric battleaxe!
* * * LOW HITPOINT WARNING * * *
You take 8 damage, and have 27/92 hp.
You now have 27/45 mp.
Casting: Scorch (safe; 1% risk of failure)
Confirm with . or Enter, or press ? or * to list all spells.
You feel a surge of power!
Flames lash Rupert.
Rupert is burned terribly!
Rupert is almost dead.
Rupert is engulfed in freezing vapours.
Rupert hits you with a +0 vampiric battleaxe!
* * * LOW HITPOINT WARNING * * *
You take 16 damage, and have 11/92 hp.
You now have 26/45 mp.
Casting: Scorch (safe; 1% risk of failure)
Confirm with . or Enter, or press ? or * to list all spells.
You feel a surge of power!
Flames lash Rupert.
Rupert is burned terribly!
Rupert is almost dead.
Rupert is engulfed in freezing vapours.
Rupert hits you with a +0 vampiric battleaxe!!
You die...

# #. .#.. ...§.
....§§##############
#§@@...........#
...§§§#+######.######
...## #.#....+ .
#.#....# #.#....#
#.'....# ###.#..#
#.#..# #.#..#


You could see Rupert (berserk, combustible).

Vanquished Creatures
  A frost giant (IceCv)
  An orc warlord (Bailey)
  A minotaur (Gauntlet)
  A blizzard demon (Gauntlet)
  Josephine (Orc:1)
  2 catoblepae
  Erolcha (D:11)
  10 hydras
  6 two-headed ogres
  A hell hog (Gauntlet)
  6 death yaks
  A thrashing horror (Lair:5)
  3 orc high priests (Orc:2)
  Urug (Lair:5)
  Sonja (Orc:2)
  2 large abominations (Lair:5)
  A lindwurm (shapeshifter) (Lair:5)
  3 deep elf pyromancers
  5 orc knights
  2 ugly things
  4 orc sorcerers (Orc:2)
  A manticore (D:13)
  An ice statue (IceCv)
  8 black mambas
  2 cyclopes
  3 smoke demons (Lair:5)
  Maggie (D:9)
  12 cane toads
  2 gargoyles
  3 rime drakes
  11 komodo dragons
  9 polar bears
  2 ancient zymes (Lair:5)
  A troll (D:10)
  2 hornets (Gauntlet)
  30 blink frogs
  A snapping turtle (Lair:3)
  11 dream sheep (Lair:5)
  A vampire (D:11)
  4 wraiths
  3 ynoxinuls (Lair:5)
  2 spriggans (Lair:5)
  6 basilisks
  3 fire bats (Gauntlet)
  56 yaks
  4 wyverns
  2 steam dragons
  A chaos spawn (Lair:5)
  Edmund (D:5)
  2 wargs
  A hell hound (Gauntlet)
  2 acid dragons
  16 water moccasins
  12 small abominations (Lair:5)
  33 orc warriors
  A sky beast (D:6)
  An ice beast (D:5)
  8 black bears
  31 wolves
  An ogre (D:5)
  4 centaurs
  3 kobold brigands
  11 bullfrogs
  3 necrophages
  2 gnoll sergeants
  3 scorpions
  24 wights
  13 howler monkeys
  5 electric eels
  3 hounds
  A gnoll bouda (D:9)
  21 orc priests
  Crazy Yiuf (D:3)
  Ijyb (D:4)
  2 iguanas
  28 orc wizards
  16 gnolls
  6 adders
  A shadow imp (D:8)
  12 white imps (Lair:2)
  A worm (D:4)
  5 dart slugs
  90 orcs
  7 ball pythons
  2 endoplasms (D:4)
  A giant cockroach (D:4)
  20 goblins
  18 hobgoblins
  3 quokkas
  5 bats
  A frilled lizard (D:3)
  17 kobolds
  2 rats
  A fulminant prism (D:11)
678 creatures vanquished.

Vanquished Creatures (others)
  800 foxfires
  11 fulminant prisms
  40 fungi
  77 plants
928 creatures vanquished.

Grand Total: 1606 creatures vanquished

Notes
Turn   | Place    | Note
-------+----------+-------------------------------------------
     0 | D:1      | Psyclone the Deep Elf Fire Elementalist began the quest for
                  | the Orb.
     0 | D:1      | Reached XP level 1. HP: 10/10 MP: 6/6
    94 | D:2      | Identified a scroll of acquirement
    94 | D:2      | Acquired the +3 Elemental Staff {rElec rF++ rC++ AC+5}
    94 | D:2      | Found the +3 Elemental Staff {rElec rF++ rC++ AC+5}
   776 | D:2      | Found Weil's Book Boutique.
   783 | D:2      | Reached XP level 2. HP: 15/15 MP: 6/8
   819 | D:2      | Found a faded altar of an unknown god.
   998 | D:2      | Reached skill level 1 in Ice Magic
  1666 | D:3      | Reached XP level 3. HP: 19/19 MP: 9/9
  1897 | D:3      | Reached XP level 4. HP: 24/24 MP: 10/10
  2620 | D:3      | Found an ornate altar of the Wu Jian Council.
  2774 | D:3      | Found a runed translucent door.
  2825 | D:4      | Reached skill level 4 in Spellcasting
  2864 | D:4      | Reached XP level 5. HP: 28/28 MP: 13/13
  2956 | D:4      | Learned a level 3 spell: Frozen Ramparts
  2960 | D:4      | Learned a level 3 spell: Conjure Flame
  2988 | D:4      | Noticed Ijyb
  2996 | D:4      | Killed Ijyb
  3221 | D:4      | Reached XP level 6. HP: 32/32 MP: 12/14
  3620 | D:4      | Found a sacrificial altar of Ru.
  3890 | D:2      | Bought a Young Poisoner's Handbook for 200 gold pieces
  3893 | D:2      | Learned a level 2 spell: Poisonous Vapours
  3898 | D:2      | Learned a level 4 spell: Olgreb's Toxic Radiance
  4266 | D:4      | Found a white marble altar of Elyvilon.
  4317 | D:4      | Found a shimmering altar of Xom.
  4318 | D:4      | Found a hazy altar of Hepliaklqana.
  4319 | D:4      | Noticed a spectral ugly thing
  4451 | D:5      | Entered Level 5 of the Dungeon
  4667 | D:5      | Reached XP level 7. HP: 36/36 MP: 11/16
  5009 | D:5      | Reached skill level 5 in Spellcasting
  5051 | D:5      | Noticed Edmund
  5054 | D:5      | Reached skill level 5 in Fire Magic
  5066 | D:5      | Killed Edmund
  5067 | D:5      | Reached skill level 5 in Ice Magic
  5067 | D:5      | Reached skill level 5 in Poison Magic
  5668 | D:3      | Noticed Crazy Yiuf
  5682 | D:3      | Killed Crazy Yiuf
  5683 | D:3      | Reached XP level 8. HP: 41/41 MP: 18/18
  5772 | D:6      | Found a hide-covered altar of Uskayaw.
  5921 | D:6      | Reached skill level 6 in Spellcasting
  6237 | D:6      | Identified the +1 ring mail of Sorcery {Int+5}
  6438 | D:6      | Reached skill level 1 in Fighting
  7192 | D:7      | Reached skill level 5 in Dodging
  7323 | D:7      | Reached XP level 9. HP: 23/51 MP: 12/20
  7462 | D:6      | Acquired 715 gold pieces
  7568 | D:2      | Bought a Trismegistus Codex for 280 gold pieces
  7622 | D:5      | Learned a level 3 spell: Ignite Poison
  8159 | D:7      | Found an opulent altar of Gozag.
  8159 | D:7      | Found a shadowy altar of Dithmenos.
  8167 | D:7      | Found a stormy altar of Qazlal.
  8254 | D:7      | Found a staircase to the Ecumenical Temple.
  8263 | Temple   | Entered the Ecumenical Temple
  8555 | Temple   | Became a worshipper of Ashenzari the Shackled
  8695 | D:7      | Found Guepsas's Distillery.
  8775 | D:7      | Reached skill level 5 in Fighting
  9121 | D:7      | Learned a level 3 spell: Mephitic Cloud
  9210 | D:8      | Found a transporter.
  9215 | D:8      | Found a transporter.
  9228 | D:8      | Found a flagged portal.
  9237 | Bailey   | Entered a bailey
  9366 | Bailey   | Reached skill level 1 in Transmutations
  9456 | Bailey   | Reached XP level 10. HP: 35/60 MP: 5/21
  9587 | Bailey   | Noticed an orc warlord
  9595 | Bailey   | Killed an orc warlord
 10191 | Bailey   | Reached skill level 5 in Conjurations
 10191 | Bailey   | Reached XP level 11. HP: 68/68 MP: 22/22
 10626 | D:2      | Bought a book of Conjurations for 200 gold pieces
 10890 | D:8      | Found a transporter.
 10894 | D:8      | Found a transporter.
 10983 | D:8      | Found a transporter.
 10986 | D:8      | Found a transporter.
 11229 | D:8      | Noticed a two-headed ogre
 11241 | D:8      | Killed a two-headed ogre
 11354 | D:8      | Found a snail-covered altar of Cheibriados.
 11398 | D:9      | Found Sajoudun's Antique Armour Emporium.
 11542 | D:9      | Noticed Maggie
 11545 | D:9      | Killed Maggie
 11653 | D:9      | Reached skill level 7 in Spellcasting
 11813 | D:9      | Found an iron altar of Okawaru.
 11981 | D:9      | Learned a level 4 spell: Fulminant Prism
 12039 | D:9      | Reached skill level 5 in Air Magic
 12219 | D:10     | Entered Level 10 of the Dungeon
 12652 | D:10     | Reached XP level 12. HP: 76/76 MP: 24/26
 12737 | D:10     | Reached skill level 8 in Spellcasting
 12880 | D:10     | Noticed a two-headed ogre
 12885 | D:10     | Killed a two-headed ogre
 13047 | D:10     | Found a staircase to the Lair.
 13130 | D:10     | Found a radiant altar of Vehumet.
 13560 | D:11     | Noticed a five-headed hydra
 13561 | D:11     | Found a staircase to the Orcish Mines.
 13573 | D:11     | Killed a five-headed hydra
 14463 | D:11     | Noticed Erolcha
 14475 | D:11     | Killed Erolcha
 14476 | D:11     | Reached skill level 9 in Spellcasting
 14982 | Lair:1   | Entered Level 1 of the Lair of Beasts
 14988 | Lair:1   | Noticed a catoblepas
 14998 | Lair:1   | Killed a catoblepas
 16468 | Lair:2   | Found a frozen archway.
 16650 | IceCv    | Entered an ice cave
 16807 | IceCv    | Reached XP level 13. HP: 66/80 MP: 27/29
 17369 | IceCv    | Noticed a frost giant
 17376 | IceCv    | Killed a frost giant
 18030 | Lair:2   | Reached skill level 10 in Dodging
 18367 | Lair:2   | Identified the +0 leather armour of Qeom Ape {rC- Str+9
                  | Stlth+}
 18485 | Lair:2   | Learned a level 5 spell: Freezing Cloud
 18934 | Lair:3   | Found a staircase to the Snake Pit.
 19883 | Lair:3   | Found a staircase to the Shoals.
 20297 | Lair:4   | Reached XP level 14. HP: 88/88 MP: 30/30
 20473 | Lair:4   | Found a viscous altar of Jiyva.
 20549 | Lair:4   | Found a staircase to the Slime Pits.
 21304 | Lair:5   | Entered Level 5 of the Lair of Beasts
 21325 | Lair:5   | Identified the +4 scale mail "Bakym" {rPois}
 21632 | Lair:5   | Noticed Urug
 21639 | Lair:5   | Killed Urug
 22283 | Lair:5   | Reached skill level 10 in Transmutations
 22305 | Lair:5   | Reached skill level 10 in Poison Magic
 22671 | Lair:5   | Reached skill level 10 in Conjurations
 23241 | Lair:5   | Identified the +9 long sword of Uziq {elec, rN+ Str+2}
 23254 | Lair:5   | Reached skill level 10 in Spellcasting
 23685 | Lair:5   | Identified the +5 great sword of the Dove {elec, rElec rF+}
 24749 | Orc:1    | Entered Level 1 of the Orcish Mines
 24767 | Orc:1    | Noticed Josephine
 24772 | Orc:1    | Killed Josephine
 24773 | Orc:1    | Reached skill level 11 in Spellcasting
 24867 | D:11     | Learned a level 2 spell: Scorch
 24872 | D:11     | Learned a level 4 spell: Flame Wave
 25219 | Orc:2    | Entered Level 2 of the Orcish Mines
 25302 | Orc:2    | Found a staircase to the Elven Halls.
 25307 | Orc:2    | Found a gate leading to a gauntlet.
 25317 | Gauntlet | Entered a Gauntlet
 25317 | Gauntlet | Found a transporter.
 25317 | Gauntlet | Found a transporter.
 25317 | Gauntlet | Found a transporter.
 25339 | Gauntlet | Found a transporter.
 25356 | Gauntlet | Found a transporter.
 25360 | Gauntlet | Found a transporter.
 25381 | Gauntlet | Found a transporter.
 25396 | Gauntlet | Found a large runed translucent door.
 25397 | Gauntlet | Found a large runed translucent door.
 25398 | Gauntlet | Found a large runed translucent door.
 25398 | Gauntlet | Found a large runed translucent door.
 25399 | Gauntlet | Found a runed translucent gate.
 25400 | Gauntlet | Found a transporter.
 25400 | Gauntlet | Found a runed translucent gate.
 25401 | Gauntlet | Found a runed translucent gate.
 25402 | Gauntlet | Found a large runed translucent door.
 25402 | Gauntlet | Found a large runed translucent door.
 25403 | Gauntlet | Found a large runed translucent door.
 25404 | Gauntlet | Found a large runed translucent door.
 25414 | Gauntlet | Found a large runed translucent door.
 25414 | Gauntlet | Found a large runed translucent door.
 25414 | Gauntlet | Found a runed translucent door.
 25414 | Gauntlet | Found a runed translucent door.
 25415 | Gauntlet | Found a large runed translucent door.
 25416 | Gauntlet | Found a large runed translucent door.
 25418 | Gauntlet | Found a transporter.
 25422 | Gauntlet | Found a transporter.
 25432 | Gauntlet | Found a large runed translucent door.
 25432 | Gauntlet | Found a large runed translucent door.
 25433 | Gauntlet | Found a large runed translucent door.
 25434 | Gauntlet | Found a large runed translucent door.
 25483 | Gauntlet | Found a transporter.
 25485 | Gauntlet | Found a transporter.
 25843 | Gauntlet | Reached skill level 12 in Spellcasting
 25863 | Gauntlet | Got Isutyxam's Papyrus of the Caves
 25865 | Gauntlet | Identified the ring "Xushemisch" {rElec rF+}
 25991 | Orc:2    | Found a shimmering blue altar of Sif Muna.
 26181 | Orc:2    | Reached XP level 15. HP: 76/92 MP: 33/33
 26435 | Orc:2    | Noticed Sonja
 26440 | Orc:2    | Killed Sonja
 26703 | Orc:2    | Found Cuusaino's Antique Weapon Boutique.
 26959 | Orc:2    | Reached skill level 13 in Spellcasting
 27121 | Orc:2    | Paralysed by an orc sorcerer for 5 turns
 27135 | Orc:2    | Found Ketue's Weapon Shoppe.
 27135 | Orc:2    | Found Noamyp's Assorted Antiques.
 27137 | Orc:2    | Found Orabb's Book Shoppe.
 27137 | Orc:2    | Found Qusoqau's Book Shop.
 27153 | Orc:2    | Bought an Inescapable Atlas for 476 gold pieces
 27153 | Orc:2    | Bought a book of Storms for 448 gold pieces
 27160 | Orc:2    | Learned a level 4 spell: Airstrike
 27163 | Orc:2    | Learned a level 2 spell: Blink
 27552 | D:12     | Reached skill level 14 in Spellcasting
 27893 | D:12     | Reached skill level 1 in Translocations
 28260 | D:13     | You fall into a shaft and drop 1 floor!
 28263 | D:14     | Reached * piety under Ashenzari
 28641 | D:13     | Noticed Rupert
 28654 | D:13     | Mangled by Rupert

Illustrated notes

Levels and vault maps discovered:
D:1:      dpeg_arrival_lava_temple_mockup, layout_basic
D:2:      layout_loops_ring, shapermc_ecumenical_altar_starsandcircs,
          serial_shops, nicolae_shop_window_shopping
D:3:      layout_loops_ring, pdpol_wu_jian_five_deadly_venoms, corexii_shack,
          uniq_crazy_yiuf_cottage
D:4:      layout_basic, regret_index_temple_of_mockery, hangedman_ru_absence,
          lemuel_tele_altar, uniq_ijyb
D:5:      layout_loops_cross, uniq_edmund
D:6:      layout_cave_pods, amcnicky_altar_gilded
D:7:      layout_cave_pools, gammafunk_temple_overflow_claw,
          minmay_temple_entry_statues_pillars, serial_shops,
          nicolae_shop_statue_plus
D:8:      layout_rooms, kennysheep_mini, enter_bailey_8, serial_nicolae_subway,
          nicolae_sub_station_metal, nicolae_sub_station_stone,
          nicolae_sub_station_crystal
D:9:      layout_roguey, mainiacjoe_overflow_alcove_2, serial_shops, shop,
          uniq_maggie
D:10:     layout_cave_pools, nicolae_vehumet_altar_sigil,
          due_lair_maze_entry_diamond, kennysheep_minor_cross, dk_vineyard_3,
          disabler_island
D:11:     layout_big_octagon, david_orc_5, serial_co_window_serial,
          co_window_paths_b, co_window_paths_b, co_window_paths_a,
          co_window_paths_a, co_window_paths_b, co_window_cross_1,
          co_window_corner_b, co_window_unsneaky_path_e, co_window_2corner,
          co_window_2corner, co_window_broadway_c, co_window_broadway_b,
          co_window_cross_3, glass_columns_b, glass_columns_a, glass_columns_c,
          glass_columns_a, glass_columns_a, uniq_erolcha
D:12:     layout_small_grid, kennysheep_cluttered_room
D:13:     layout_stronghold, nicolae_trove_entry_free_sample, uniq_rupert,
          uniq_nessos
D:14:     layout_roguey [special_room_orc], grunt_vaults_entry_fortified,
          kennysheep_donut
Temple:   dpeg_chambers_temple
Lair:1:   layout_regular_city
Lair:2:   layout_loops_ring, portal_ice_cave_entry_imps, serial_bayou_lagoon_a,
          st_stairs_5
Lair:3:   layout_regular_city, minmay_shoals_entry_hut,
          minmay_snake_entry_six_corridors, chequers_serial_rivers_micro_a
Lair:4:   layout_cave_pods, slime_entry_1
Lair:5:   hellmonk_lair_end_abyssal_woods, layout_regular_city, minivault_26,
          uniq_urug
Orc:1:    layout_diamond_mine, serial_shops, shop, uniq_josephine
Orc:2:    grunt_orc_tribal_feast, layout_caves, serial_shops,
          nicolae_shop_advertising_works [nicolae_subvault_shop_adworks],
          gauntlet_entry_generic, kennysheep_orc_sif_temple, uniq_sonja

Skill      XL: |  1  2  3  4  5  6  7  8  9 10 11 12 13 14 15 |
---------------+----------------------------------------------+-----
Fire Magic     | 4 5 6 7 9 |  9.5
Ice Magic      | 2 3 4 5 6 7 9 |  9.5
Spellcasting   | 4 5 6 7 9 12 14 | 14.6
Poison Magic   | 3 4 5 6 7 9 10 | 10.0
Dodging        | 5 8 9 10 | 10.0
Fighting       | 3 5 8 9 |  9.5
Transmutations | 4 6 7 9 10 | 10.0
Conjurations   | 5 6 7 8 10 | 10.0
Air Magic      | 4 5 6 7 9 |  9.5
Translocations | 3 |  3.4
Stealth        | |  2.4

Action                   |  1- 3 |  4- 6 |  7- 9 | 10-12 | 13-15 || total
-------------------------+-------+-------+-------+-------+-------++-------
Melee: Staff             |       |    10 |     7 |    16 |    28 ||    61
 Cast: Foxfire           |    68 |   118 |   223 |    52 |     4 ||   465
       Frozen Ramparts   |       |     8 |    19 |    13 |     5 ||    45
       Conjure Flame     |       |     2 |     7 |    16 |    10 ||    35
       Poisonous Vapours |       |     6 |    10 |    34 |    61 ||   111
       Olgreb's Toxic Ra |       |       |    11 |    82 |    95 ||   188
       Ignite Poison     |       |       |    10 |    78 |   109 ||   197
       Mephitic Cloud    |       |       |       |    17 |     6 ||    23
       Fulminant Prism   |       |       |       |     2 |    10 ||    12
       Freezing Cloud    |       |       |       |       |    79 ||    79
       Scorch            |       |       |       |       |    13 ||    13
       Flame Wave        |       |       |       |       |     3 ||     3
       Airstrike         |       |       |       |       |     3 ||     3
Invok: Curse Item        |       |       |       |     1 |     1 ||     2
  Use: Scroll            |     1 |       |     1 |       |     3 ||     5
       Potion            |       |       |       |     1 |       ||     1
 Stab: Sleeping          |       |     1 |       |       |       ||     1
Armor: Robe              |     3 |    12 |    19 |    59 |   177 ||   270
Dodge: Dodged            |     1 |    16 |    42 |   136 |   312 ||   507
